 Dungeon Crawl Stone Soup version 0.31-a0-1074-g0b22e4e0f1 (webtiles) character file.

Game seed: 3187907012271737512

2409 grandjackal the Grappler (level 9, -4/81 HPs)
             Began as a Ghoul Monk on Dec 1, 2023.
             Was a Believer of Kikubaaqudgha.
             Slain by a wight
             ... wielding a +1 war axe
              (6 damage)
             ... on level 7 of the Dungeon.
             The game lasted 00:07:40 (4800 turns).

grandjackal the Grappler (Ghoul Monk)               Turns: 4800, Time: 00:07:41

Health: -4/81      AC:  7    Str: 18    XL:     9   Next: 47%
Magic:  0/8        EV: 10    Int: 13    God:    Kikubaaqudgha [**....]
Gold:   95         SH:  0    Dex:  8    Spells: 2/8 levels left

rFire   . .          .
                       - Unarmed
rCold   + . .        c - orb {light}
rNeg    + + +        k - +0 scale mail "Laceq" {rElec Will+ Str+3}
rPois   ∞            (no helmet)
rElec   +            q - scarf of the Hot Ocelot {+Inv, Will+ Regen+ Dex-3}
rCorr   .            (no gloves)
SInv    +            g - +0 pair of boots
Will    ++...        n - amulet of guardian spirit Stlth
                     l - ring of see invisible
HPRegen 0.00/turn    (no ring)
MPRegen 0.11/turn

%: guardian spirit
@: inhibited regen, glowing
A: claws 1, cold resistance 1, negative energy resistance 3, inhibited
regeneration, torment resistance 2, devour on kill
a: Renounce Religion, Evoke Invisibility, Unearth Wretches


You were on level 7 of the Dungeon.
You worshipped Kikubaaqudgha.
Kikubaaqudgha was pleased with you.
You visited 1 branch of the dungeon, and saw 7 of its levels.

You collected 425 gold pieces.
You spent 330 gold pieces at shops.

Inventory:

Armour
 c - an orb of light (worn)
 g - a +0 pair of boots (worn)
 k - the +0 scale mail "Laceq" (worn) {rElec Will+ Str+3}
   (You found it on level 3 of the Dungeon)

   Str+3:     It affects your strength (+3).
   rElec:     It insulates you from electricity.
   Will+:     It increases your willpower.
 q - the scarf of the Hot Ocelot (worn) {+Inv, Will+ Regen+ Dex-3}
   (You found it on level 5 of the Dungeon)

   Dex-3:     It affects your dexterity (-3).
   Will+:     It increases your willpower.
   Regen+:    It increases your rate of health regeneration.
 t - a +0 cloak
Jewellery
 f - an amulet of regeneration
 j - a ring of fire
 l - a ring of see invisible (left claw)
 n - an amulet of guardian spirit (around neck)
Scrolls
 a - a scroll of identify
 h - 4 scrolls of fog
 i - 5 scrolls of teleportation {unknown}
 o - a scroll of fear {unknown}
 p - a scroll of immolation {unknown}
 r - a scroll of revelation {unknown}
 x - a scroll of amnesia {unknown}
 y - a scroll of enchant armour {unknown}
 z - a scroll of brand weapon {unknown}
 A - a scroll of vulnerability {unknown}
 B - a scroll of noise {unknown}
Potions
 b - a potion of ambrosia
 d - a potion of heal wounds
 e - 4 potions of haste
 m - a potion of lignification
 s - a potion of mutation
 u - a potion of enlightenment
 v - 2 potions of brilliance
 w - a potion of curing


   Skills:
 + Level 8.2 Fighting
 - Level 3.0 Armour
 - Level 3.0 Dodging
 + Level 8.2 Unarmed Combat
 - Level 3.0 Summonings
 + Level 3.3 Necromancy
 + Level 4.6 Ice Magic


You had 2 spell levels left.
You knew the following spells:

 Your Spells              Type           Power      Damage    Failure   Level
a - Call Canine Familiar  Summ           7%         N/A       63%         3
b - Ozocubu's Armour      Ice            11%        N/A       41%         3

Your spell library contained the following spells:

 Spells                   Type           Power      Damage    Failure   Level
 Necrotise                Necr           32%        1d5       26%         1
 Kiss of Death            Conj/Necr      16%        2d6       45%         1
 Foxfire                  Conj/Fire      0%         2x1d4     67%         1
 Cigotuvi's Dreadful Rot  Necr/Pois/Air  4%         N/A       67%         2
 Vampiric Draining        Necr           8%         2d6       58%         3
 Sigil of Binding         Hex            0%         N/A       96%         3
 Dimensional Bullseye     Hex/Tloc       0%         N/A       100%        4
 Leda's Liquefaction      Hex/Erth       0%         N/A       100%        4
 Metabolic Englaciation   Hex/Ice        2%         N/A       100%        5
 Plasma Beam              Fire/Air       0%         2x1d10    100%        6
 Simulacrum               Ice/Necr       5%         N/A       100%        6
 Starburst                Conj/Fire      0%         6d3       100%        6
 Summon Hydra             Summ           3%         N/A       100%        7
 Sublimation of Blood     Necr           Unusable   N/A       N/A         2
 Wereblood                Tmut           Unusable   N/A       N/A         2

Dungeon Overview and Level Annotations

Branches:
Dungeon (7/15)             Temple (0/1) D:6

Altars:
Kikubaaqudgha
Qazlal
Ru

Shops:
D:5 !

Annotations:
D:7 Jeremiah


Innate Abilities, Weirdness & Mutations

You are immune to poison.
You have sharp fingernails.
Your flesh is cold resistant. (rC+)
You are immune to negative energy. (rN+++)
You do not regenerate when monsters are visible.
You are immune to unholy pain and torment.
You thrive by killing the living.


Message History

The bolt of electricity hits you. You resist. The bolt of electricity hits you.
You resist.
The bolt of electricity hits the electric eel.
The electric eel completely resists.
You scratch the electric eel.
You kill the electric eel!
Kikubaaqudgha accepts your kill.
You feel better. The wight barely misses you.
Unknown command.
The wight closely misses you. The wight attacks as it pursues you!
The wight hits you from afar with a +0 spear.
The wight attacks as it pursues you! The wight barely misses you.
The wight attacks as it pursues you! The wight closely misses you.
The wight attacks as it pursues you!
The wight hits you with a +2 mace of freezing!
The wight freezes you. The wight attacks as it pursues you!
The wight closely misses you. The wight attacks as it pursues you!
The wight barely misses you. The wight attacks as it pursues you!
The wight hits you with a +2 mace of freezing.
* * * LOW HITPOINT WARNING * * *
The wight freezes you.
* * * LOW HITPOINT WARNING * * *
The wight hits you from afar with a +0 spear.
* * * LOW HITPOINT WARNING * * *
The wight hits you with a +2 mace of freezing!
* * * LOW HITPOINT WARNING * * *
The wight freezes you.
* * * LOW HITPOINT WARNING * * *
The wight closely misses you. The wight attacks as it pursues you!
The wight hits you with a +2 mace of freezing.
* * * LOW HITPOINT WARNING * * *
The wight attacks as it pursues you! The wight hits you but does no damage.
The wight attacks as it pursues you! The wight closely misses you.
The wight attacks as it pursues you! The wight hits you with a +1 war axe!
* * * LOW HITPOINT WARNING * * *
The wight attacks as it pursues you! The wight hits you with a +1 war axe.
You die...
Kikubaaqudgha rasps: "You have failed me!
Welcome... oblivion!"

..... .## .....#... ###
..#####....#...
####8###..##..........
#..'._⌠##.#......>....
##..'._⌠##.............
#..##P###....#.........
#.#####.@....#.........
#.##..zz##<.......#...
#.###...##.÷...#..#
#....zz######.###.### ###
##......####...#.....###..
##....................##..#
#...~~≈~.~~≈~~.........#..#
##..~≈≈~.~≈~≈~.............
#
##.~≈≈~.~≈≈≈~.......##...#


You could see 4 wights.

Vanquished Creatures
  A steam dragon (D:6)
  A water moccasin (D:6)
  An orc warrior (D:6)
  3 ice beasts
  2 black bears
  2 sky beasts
  A phantom (D:4)
  Blork the orc (D:5)
  A bullfrog (D:6)
  A scorpion (D:6)
  5 wights (D:6)
  3 electric eels (D:7)
  A howler monkey (D:6)
  4 hounds
  4 jellies
  An orc priest (D:4)
  Crazy Yiuf (D:5)
  An iguana (D:6)
  2 sleepcaps (D:6)
  7 orc wizards
  10 adders
  A shadow imp (D:6)
  A white imp (D:6)
  4 worms
  2 dart slugs (D:2)
  16 orcs
  10 bats
  5 endoplasms
  2 giant cockroaches
  7 hobgoblins
  3 jackals (D:2)
  5 quokkas
  10 ball pythons
  3 frilled lizards
  5 goblins
  14 kobolds
  9 rats
150 creatures vanquished.

Notes
Turn   | Place    | Note
-------+----------+-------------------------------------------
     0 | D:1      | grandjackal the Ghoul Monk began the quest for the Orb.
     0 | D:1      | Reached XP level 1. HP: 19/19 MP: 0/0
   124 | D:1      | Reached XP level 2. HP: 26/26 MP: 1/1
   485 | D:1      | Reached XP level 3. HP: 32/33 MP: 2/2
  1351 | D:2      | Reached XP level 4. HP: 40/40 MP: 3/3
  1459 | D:2      | Learned a level 3 spell: Call Canine Familiar
  1578 | D:3      | Identified the +0 scale mail "Laceq" {rElec Will+ Str+3}
  1710 | D:3      | Reached XP level 5. HP: 47/47 MP: 4/4
  1751 | D:3      | Noticed a black bear
  1758 | D:3      | Killed a black bear
  1759 | D:3      | Reached skill level 5 in Fighting
  1759 | D:3      | Reached skill level 5 in Unarmed Combat
  1759 | D:3      | Reached skill level 1 in Summonings
  1759 | D:3      | Reached XP level 6. HP: 55/56 MP: 5/5
  2210 | D:4      | Reached XP level 7. HP: 47/62 MP: 6/6
  2233 | D:4      | Found a stormy altar of Qazlal.
  2807 | D:5      | Entered Level 5 of the Dungeon
  2859 | D:5      | Identified the scarf of the Hot Ocelot {+Inv, Will+ Regen+
                  | Dex-3}
  2895 | D:5      | Reached skill level 1 in Armour
  2968 | D:5      | Noticed Blork the orc
  2977 | D:5      | Killed Blork the orc
  3092 | D:5      | Learned a level 3 spell: Ozocubu's Armour
  3113 | D:5      | Found an ancient bone altar of Kikubaaqudgha.
  3178 | D:5      | Became a worshipper of Kikubaaqudgha
  3178 | D:5      | Reached * piety under Kikubaaqudgha
  3178 | D:5      | Received a gift from Kikubaaqudgha
  3178 | D:5      | Reached ** piety under Kikubaaqudgha
  3239 | D:5      | Found Xesif's Distillery.
  3247 | D:5      | Bought a potion of degeneration for 10 gold pieces
  3247 | D:5      | Bought a potion of enlightenment for 50 gold pieces
  3247 | D:5      | Bought a potion of brilliance for 40 gold pieces
  3247 | D:5      | Bought a potion of haste for 100 gold pieces
  3247 | D:5      | Bought a potion of curing for 30 gold pieces
  3250 | D:5      | Bought a potion of haste for 100 gold pieces
  3282 | D:5      | Found a runed translucent door.
  3283 | D:5      | Noticed Crazy Yiuf
  3525 | D:5      | Killed Crazy Yiuf
  3526 | D:5      | Reached XP level 8. HP: 71/71 MP: 7/7
  3604 | D:6      | Reached skill level 1 in Ice Magic
  3954 | D:6      | Reached skill level 1 in Necromancy
  4134 | D:6      | Reached XP level 9. HP: 80/80 MP: 5/8
  4261 | D:6      | Found a staircase to the Ecumenical Temple.
  4550 | D:7      | Identified the +1 pair of gloves "Sasurill" {Harm rC-
                  | rCorr}
  4654 | D:7      | Noticed Jeremiah
  4764 | D:7      | Found a sacrificial altar of Ru.
  4798 | D:7      | HP: 2/81 [wight/+1 war axe (7)]
  4800 | D:7      | Slain by a wight

Illustrated notes

Levels and vault maps discovered:
D:1:      spicycebolla_arrival_clurvy, layout_basic, minmay_splitting_lines
D:2:      layout_basic, patterned_corridor
D:3:      layout_basic, minmay_door_square
D:4:      layout_basic, mainiacjoe_overflow_six_doors_small,
          kennysheep_orc_chapel
D:5:      nicolae_BIG_FREAKIN_CUBE, layout_rooms, mainiacjoe_overflow_catwalk,
          serial_shops, shop, chequers_big_river, uniq_crazy_yiuf_cottage,
          uniq_blork_the_orc
D:6:      layout_basic, temple_hall, uniq_eustachio
D:7:      layout_cave_pools, fedhas_altar_4, mainiacjoe_overflow_swirl,
          gammafunk_temple_overflow_wave, minivault_14, uniq_jeremiah,
          uniq_menkaure

Skill      XL: |  1  2  3  4  5  6  7  8  9 |
---------------+----------------------------+-----
Dodging        | 3 |  3.0
Fighting       | 4 5 6 7 8 |  8.2
Unarmed Combat | 4 5 6 7 8 |  8.2
Summonings     | 1 2 3 |  3.0
Armour         | 1 3 |  3.0
Ice Magic      | 3 4 |  4.6
Necromancy     | 1 3 |  3.3

Action                     |  1- 3 |  4- 6 |  7- 9 || total
---------------------------+-------+-------+-------++-------
  Melee: Unarmed           |   111 |   141 |   240 ||   492
    Use: Scroll            |       |       |     4 ||     4
         Potion            |       |       |     1 ||     1
 Armour: Robe              |    14 |       |       ||    14
         Ring mail         |    35 |    19 |       ||    54
         Scale mail        |       |    92 |   227 ||   319
  Dodge: Dodged            |    71 |    82 |   117 ||   270

Table legend: (Time is in decaauts)
 A = Elapsed time spent in this place.
 B = Non-inter-level travel time spent in this place.
 C = Inter-level travel time spent in this place.
 D = Time resting spent in this place.
 E = Time spent auto-exploring this place.
 F = Levels seen in this place.
 G = Mean time per level.
                   A        B        C        D        E       F      G
               +--------+--------+--------+--------+--------+-----+--------+
         Total |   4766 |   4527 |    239 |    316 |   3041 |   7 |  680.9 |
       Dungeon |   4766 |   4527 |    239 |    316 |   3041 |   7 |  680.9 |
               +--------+--------+--------+--------+--------+-----+--------+

Top non-repeatable levels by time:
     D:6: 1028 daAuts
     D:4: 857 daAuts
     D:2: 847 daAuts
     D:5: 751 daAuts
     D:1: 660 daAuts
     D:3: 417 daAuts
     D:7: 205 daAuts
